 Dungeon Crawl Stone Soup version 0.20.1-1-g8b1a95d (console) character file.

162 hilaritas the Shield-Bearer (level 5, 0/41 HPs)
             Began as a Formicid Fighter on Aug 16, 2017.
             Killed by divine providence
             ... invoked by an orc priest
              (16 damage)
             ... on level 3 of the Dungeon.
             The game lasted 00:05:52 (2426 turns).

hilaritas the Shield-Bearer (Formicid Fighter)      Turns: 2426, Time: 00:05:52

Health: 0/41       AC:  9    Str: 26    XL:     5   Next: 71%
Magic:  5/5        EV:  7    Int:  8    God:
Gold:   120        SH: 10    Dex: 10    Spells: 4/4 levels left

rFire    . . .     SeeInvis +   a - +0 war axe
rCold    . . .     Gourm    .   c - +0 shield
rNeg     . . .     Faith    .   u - +0 chain mail
rPois    .         Spirit   .   (helmet unavailable)
rElec    .         Reflect  .   h - scarf {repulsion}
rCorr    .         Harm     .   (no gloves)
MR       .....                  (no boots)
Stlth    ..........             (no amulet)
Regen    0.2/turn               (no ring)
MPRegen  0.1/turn               (no ring)

@: mighty, repel missiles
A: permanent stasis, dig shafts and tunnels, four strong arms, antennae 3
a: Dig, Shaft Self


You were on level 3 of the Dungeon.
You were not hungry.

You visited 1 branch of the dungeon, and saw 3 of its levels.

You collected 120 gold pieces.

Inventory:

Hand Weapons
 a - a +0 war axe (weapon)
 s - a +0 club
Missiles
 l - 9 tomahawks (quivered)
Armour
 c - a +0 shield (worn)
 h - a scarf of repulsion (worn)
 u - a +0 chain mail (worn)
Jewellery
 x - an uncursed ring of magical power {unknown}
 y - a +3 ring of protection {unknown}
Scrolls
 e - 4 scrolls of identify {unknown}
 k - a scroll of teleportation {unknown}
 m - 3 scrolls of remove curse {unknown}
 n - 2 scrolls of random uselessness {unknown}
 o - a scroll of magic mapping {unknown}
 t - a scroll of recharging {unknown}
 v - a scroll of immolation {unknown}
Potions
 b - a potion of degeneration {unknown}
 i - a potion of haste {unknown}
 j - a potion of mutation {unknown}
 p - 4 potions of curing {unknown}
 q - a potion of cancellation {unknown}
 r - a potion of flight {unknown}
Comestibles
 f - 2 bread rations
 g - 3 meat rations
 w - a chunk of flesh


   Skills:
 - Level 3.2 Fighting
 * Level 4.6 Axes
 - Level 3.2 Armour
 + Level 5.0 Shields


You had 4 spell levels left.
You didn't know any spells.

Dungeon Overview and Level Annotations

Branches:
Dungeon (3/15)

Altars:
Yredelemnul


Innate Abilities, Weirdness & Mutations

You cannot be hasted, slowed, berserked, paralysed or teleported.
You can dig through walls and to a lower floor.
Your four strong arms can wield two-handed weapons with a shield.
You have a pair of large antennae on your head. (SInv)


Message History

The orc priest hits you but does no damage.
You block the orc's attack.
You hit the orc priest.
The orc priest is lightly wounded.
The orc priest hits you but does no damage.
The orc hits you but does no damage.
Your shield and chain mail prevent you from hitting the orc priest.
The orc priest is lightly wounded.
The orc priest hits you. You block the orc's attack.
The orc priest hits you but does no damage.
You feel very mighty all of a sudden.
The orc hits you from afar with a trident.
The orc priest calls down the wrath of Beogh upon you.
Pain shoots through your body!
You slash the orc priest!
The orc priest is almost dead.
The orc hits you from afar with a trident.
The orc priest mumbles some strange prayers to Beogh against you.
Beogh smites you!
You die...

#####.# .# .##
#.. .. # ... #
#.. .. #..#.#
#..#.## #..#.#
#..# #.... ##
#..# ####
#...#... ..$<
#.#...#
.###..#####....#
#.....o@....#
.###.o#####.# #.
#.# .. #.# #. #.#
.. #.# . #.# #
.#..#####.#######
#
........)........
#


You could see an orc priest and an orc.

Vanquished Creatures
  A howler monkey (D:3)
  An orc wizard (D:3)
  2 adders (D:2)
  An ooze (D:3)
  A worm (D:3)
  A dart slug (D:1)
  A leopard gecko (D:3)
  9 orcs (D:3)
  2 ball pythons
  10 bats
  A giant cockroach (D:2)
  6 goblins
  7 hobgoblins
  3 jackals (D:1)
  2 quokkas (D:2)
  2 frilled lizards
  3 kobolds (D:2)
  10 rats
63 creatures vanquished.

Notes
Turn   | Place    | Note
-------+----------+-------------------------------------------
     0 | D:1      | hilaritas the Formicid Fighter began the quest for the Orb.
     0 | D:1      | Reached XP level 1. HP: 18/18 MP: 1/1
   384 | D:1      | Reached skill level 4 in Shields
   384 | D:1      | Reached XP level 2. HP: 19/24 MP: 2/2
  1156 | D:1      | Reached XP level 3. HP: 29/29 MP: 3/3
  1565 | D:2      | Reached XP level 4. HP: 35/35 MP: 4/4
  1949 | D:3      | Reached XP level 5. HP: 38/41 MP: 5/5
  2105 | D:3      | Found a basalt altar of Yredelemnul.
  2127 | D:3      | Reached skill level 5 in Shields
  2426 | D:3      | Killed from afar by an orc priest

Skill      XL: |  1  2  3  4  5 |
---------------+----------------+-----
Shields        | 4 5 |  5.0
Axes           | 3 4 |  4.6
Fighting       | |  3.2
Armour         | |  3.2

Action                   |  1- 3 |  4- 6 || total
-------------------------+-------+-------++-------
Melee: War axe           |   118 |   116 ||   234
  Use: Potion            |       |     1 ||     1
  Eat: Chunk             |     2 |     3 ||     5
Armor: Scale mail        |    49 |     4 ||    53
       Chain mail        |       |    45 ||    45
Dodge: Dodged            |    49 |    19 ||    68
       Deflected         |       |     1 ||     1
Block: Shield            |    79 |    58 ||   137
